 Dungeon Crawl Stone Soup version 0.31-a0-1002-g8e65716e6e (webtiles) character file.

Game seed: 6669944763479453745

396 BinkBink the Caller (level 6, -5/41 HPs)
             Began as a Barachi Summoner on Nov 9, 2023.
             Shot with an arrow by a centaur (14 damage)
             ... on level 5 of the Dungeon.
             The game lasted 00:11:15 (4455 turns).

BinkBink the Caller (Barachi Summoner)              Turns: 4455, Time: 00:11:15

Health: -5/41      AC:  2    Str: 12    XL:     6   Next: 83%
Magic:  0/12       EV: 13    Int: 17    God:
Gold:   291        SH:  0    Dex: 13    Spells: 7/13 levels left

rFire   . . .        (no weapon)
rCold   + . .        (no shield)
rNeg    + . .        a - +0 robe
rPois   .            (no helmet)
rElec   +            (no cloak)
rCorr   .            (no gloves)
SInv    .            (no boots)
Will    .....        (no amulet)
Stlth   ++           m - ring of Afoeklak {rElec rC+ rN+ Str+3 Slay-3}
HPRegen 0.26/turn    (no ring)
MPRegen 0.13/turn

%: no passive effects
@: slow
A: amphibious, slowness 1, strong legs 1, +LOS
a: Hop


You were on level 5 of the Dungeon.
You visited 1 branch of the dungeon, and saw 5 of its levels.

You collected 291 gold pieces.

Inventory:

Armour
 a - a +0 robe (worn)
Jewellery
 m - the ring of Afoeklak (left hand) {rElec rC+ rN+ Str+3 Slay-3}
   (You found it on level 3 of the Dungeon)

   [ring of positive energy]

   Str+3:     It affects your strength (+3).
   Slay-3:    It affects your accuracy & damage with ranged weapons and melee
   (-3).
   rC+:       It protects you from cold.
   rElec:     It insulates you from electricity.
   rN+:       It protects you from negative energy.
 p - a ring of protection from cold
Wands
 i - a wand of polymorph (20)
 r - a wand of paralysis (8)
Scrolls
 b - a scroll of fog {unknown}
 c - 2 scrolls of revelation {unknown}
 d - 2 scrolls of vulnerability {unknown}
 e - a scroll of blinking {unknown}
 f - a scroll of summoning {unknown}
 g - 4 scrolls of identify {unknown}
 j - 4 scrolls of teleportation {unknown}
 k - a scroll of poison {unknown}
 n - a scroll of silence {unknown}
 q - a scroll of fear {unknown}
Potions
 h - a potion of heal wounds {unknown}
 l - a potion of ambrosia {unknown}
 o - 2 potions of attraction {unknown}
 s - a potion of mutation {unknown}
 t - a potion of curing {unknown}


   Skills:
 + Level 4.2 Dodging
 + Level 3.7 Stealth
 + Level 4.0 Spellcasting
 + Level 6.3 Summonings


You had 7 spell levels left.
You knew the following spells:

 Your Spells              Type           Power      Damage    Failure   Level
a - Summon Small Mammal   Summ           100%       N/A       1%          1
b - Call Imp              Summ           50%        N/A       1%          2
c - Call Canine Familiar  Summ           25%        N/A       3%          3

Your spell library contained the following spells:

 Spells                   Type           Power      Damage    Failure   Level
 Summon Guardian Golem    Hex/Summ       14%        N/A       13%         3
 Lesser Beckoning         Tloc           6%         N/A       24%         2
 Summon Lightning Spire   Summ/Air       14%        N/A       38%         4
 Dazzling Flash           Conj/Hex       6%         N/A       43%         3
 Gell's Gravitas          Tloc           3%         N/A       43%         3
 Teleport Other           Tloc           3%         N/A       43%         3
 Agony                    Necr           3%         N/A       99%         5
 Silence                  Hex/Air        1%         N/A       99%         5


Dungeon Overview and Level Annotations

Branches:
Dungeon (5/15)
 Temple: D:4-7

Altars:
Wu Jian

Shops:
D:3 ?   D:5 *


Innate Abilities, Weirdness & Mutations

You are amphibious.
You cover ground slowly.
You can hop short distances.
You have an extended range of vision and can be seen from far away.


Message History

Confirm with . or Enter, or press ? or * to list all spells.
The centaur shoots an arrow.
The arrow closely misses your cerulean imp.
The arrow misses your hound. The arrow barely misses you.
Casting: Summon Small Mammal (safe; 1% risk of failure)
Confirm with . or Enter, or press ? or * to list all spells.
The centaur shoots an arrow.
The arrow hits your cerulean imp.
Your cerulean imp dies!
Your cerulean imp disappears in a puff of smoke!
The centaur shoots an arrow.
The arrow hits you.
* * * LOW HITPOINT WARNING * * *
Casting: Summon Small Mammal (safe; 1% risk of failure)
Confirm with . or Enter, or press ? or * to list all spells.
A tiny devil pulls itself out of the air.
The centaur shoots an arrow.
The arrow closely misses your hound. The arrow barely misses you.
Your hound bites the centaur.
You swap places.
You swap places.
The centaur shoots an arrow.
The arrow barely misses your quokka. The arrow hits your hound!
The centaur shoots an arrow.
The arrow hits your hound.
Your quokka bites the centaur.
The centaur shoots an arrow.
The arrow hits your bat!
Your bat dies!
Your bat's corpse disappears in a puff of smoke!
Casting: Call Imp (safe; 1% risk of failure)
Confirm with . or Enter, or press ? or * to list all spells.
The centaur shoots an arrow.
The arrow hits your hound!
Your hound dies!
Your hound's corpse disappears in a puff of smoke!
Your quokka bites the centaur but does no damage.
Unknown command.
Casting: Summon Small Mammal (safe; 1% risk of failure)
Confirm with . or Enter, or press ? or * to list all spells.
The centaur shoots an arrow.
The arrow hits your cerulean imp.
Your cerulean imp hits the centaur from afar with a -2 spear.
Your quokka bites the centaur but does no damage.
The centaur shoots an arrow.
The arrow closely misses your cerulean imp.
The arrow hits you!
You die...

## #.# ###
###r.#### ....
##.§c#...
....#####@5##..###.
#........r.#......
#.....h.......##...
.#...........### ..
............###
#.....#.......##
##............#
#..#...#####.# #
#....#.## #.# ..#


You could see a centaur (ally target), a friendly hound (summoned), a friendly
cerulean imp (summoned) and 2 friendly quokkas.

Vanquished Creatures (collateral kills)
  A scorpion (D:4)
  2 orc priests
  A jelly (D:5)
  A sleepcap (D:4)
  Ijyb (D:3)
  Robin (D:2)
  5 gnolls
  4 adders
  A shadow imp (D:5)
  2 dart slugs (D:1)
  9 orcs
  6 ball pythons
  6 endoplasms
  3 giant cockroaches
  13 goblins
  9 hobgoblins
  6 kobolds
  4 quokkas
  2 frilled lizards (D:3)
  5 rats
82 creatures vanquished.

Notes
Turn   | Place    | Note
-------+----------+-------------------------------------------
     0 | D:1      | BinkBink the Barachi Summoner began the quest for the Orb.
     0 | D:1      | Reached XP level 1. HP: 13/13 MP: 3/3
    98 | D:1      | Reached XP level 2. HP: 19/19 MP: 1/5
   185 | D:1      | Reached skill level 5 in Summonings
   625 | D:1      | Reached XP level 3. HP: 24/24 MP: 3/6
   967 | D:1      | Found a faded altar of an unknown god.
  1097 | D:2      | Noticed Robin
  1124 | D:1      | Learned a level 2 spell: Call Imp
  1486 | D:2      | Killed Robin
  1493 | D:2      | Reached XP level 4. HP: 19/30 MP: 5/8
  2207 | D:2      | Learned a level 3 spell: Call Canine Familiar
  2450 | D:3      | Found Fuorphoj's Magic Scroll Shoppe.
  2456 | D:3      | Noticed Ijyb
  2487 | D:3      | Killed Ijyb
  2656 | D:3      | Identified the ring of Afoeklak {rElec rC+ rN+ Str+3
                  | Slay-3}
  3011 | D:3      | Reached XP level 5. HP: 35/35 MP: 4/9
  3457 | D:4      | Reached skill level 6 in Summonings
  3457 | D:4      | Reached XP level 6. HP: 41/41 MP: 3/11
  4008 | D:4      | Found an ornate altar of the Wu Jian Council.
  4100 | D:5      | Entered Level 5 of the Dungeon
  4175 | D:5      | Found Suapumai's Mayhem Merchandise.
  4455 | D:5      | Shot with an arrow by a centaur

Illustrated notes

Levels and vault maps discovered:
D:1:      kennysheep_arrival_forest, layout_basic,
          ebering_ecumenical_altar_abandoned, minmay_pentomino_t2
D:2:      layout_basic, uniq_robin
D:3:      layout_basic, serial_shops, shop_fountains, uniq_ijyb
D:4:      layout_basic, mainiacjoe_overflow_catwalk, nicolae_ossuary_entry_plus
D:5:      layout_rooms, minmay_temple_entry_mini_moons, serial_rivers,
          chequers_serial_rivers_small_a, chequers_serial_rivers_room_b,
          chequers_serial_rivers_large_a, chequers_serial_rivers_micro_e,
          chequers_serial_rivers_marsh, serial_shops, shop, minmay_shop_mayhem,
          minmay_increasing_density

Skill      XL: |  1  2  3  4  5  6 |
---------------+-------------------+-----
Stealth        | 2 3 |  3.7
Summonings     | 5 6 |  6.3
Dodging        | 3 4 |  4.2
Spellcasting   | 3 4 |  4.0

Action                     |  1- 3 |  4- 6 || total
---------------------------+-------+-------++-------
  Melee: Unarmed           |       |     1 ||     1
   Cast: Summon Small Mamm |    39 |    51 ||    90
         Call Imp          |     6 |    37 ||    43
         Call Canine Famil |       |    16 ||    16
Ability: Hop               |       |     1 ||     1
    Use: Potion            |       |     1 ||     1
 Armour: Robe              |    22 |    18 ||    40
         Skin              |     1 |       ||     1
  Dodge: Dodged            |    42 |    28 ||    70

Table legend: (Time is in decaauts)
 A = Elapsed time spent in this place.
 B = Non-inter-level travel time spent in this place.
 C = Inter-level travel time spent in this place.
 D = Time resting spent in this place.
 E = Time spent auto-exploring this place.
 F = Levels seen in this place.
 G = Mean time per level.
                   A        B        C        D        E       F      G
               +--------+--------+--------+--------+--------+-----+--------+
         Total |   4905 |   4608 |    297 |     81 |   3628 |   5 |  981.0 |
       Dungeon |   4905 |   4608 |    297 |     81 |   3628 |   5 |  981.0 |
               +--------+--------+--------+--------+--------+-----+--------+

Top non-repeatable levels by time:
     D:1: 1427 daAuts
     D:4: 1222 daAuts
     D:2: 1054 daAuts
     D:3: 942 daAuts
     D:5: 257 daAuts
